Map: [ESL] Glittering Ashes

Players

Trap

  • Race: Protoss Protoss

HeroMarine - Winner!

  • Race: Terran Terran

Event: IEM Katowice 2022

VOD

Have the link to the VOD?

Description

Time

  • Played on: Feb. 25, 2022, 7:42 a.m.
  • Length: 8:19

All games in this series

Show
View Real Time Build Order
Export as new Build Order

Trap Protoss 

Build Orders: Blink Stalkers 

Get SALT Encoding   

  12  0:00  Probe  
  13  0:12  Probe  
  14  0:17  Pylon  
  14  0:24  Probe (Chrono Boost)  
  15  0:36  Gateway, Probe (Chrono Boost)  
  16  0:45  Probe (Chrono Boost), Assimilator  
  17  0:50  Probe  
  18  1:03  Probe  
  19  1:15  Probe  
  20  1:24  Cybernetics Core  
  22  1:29  Pylon  
  22  1:46  Nexus  
  22  1:49  Probe  
  22  1:53  Assimilator  
  21  1:57  Adept (Chrono Boost)  
  21  2:01  Probe, Warp Gate  
  23  2:08  Pylon  
  24  2:13  Probe  
  24  2:19  Adept (Chrono Boost)  
  26  2:26  Probe  
  27  2:30  Twilight Council  
  27  2:38  Probe  
  27  2:40  Stalker  
  31  2:52  Probe (Chrono Boost)  
  31  2:58  Probe (Chrono Boost)  
  32  3:04  Blink (Chrono Boost)  
  33  3:07  Probe x2 (Chrono Boost)  
  34  3:14  Probe  
  35  3:20  Probe  
  35  3:22  Gateway  
  35  3:25  Robotics Facility  
  35  3:26  Probe  
  37  3:32  Probe  
  36  3:38  Probe  
  37  3:44  Probe  
  37  3:48  Stalker  
  40  3:50  Probe  
  40  3:55  Pylon  
  41  3:56  Probe  
  43  4:02  Probe  
  43  4:08  Probe  
  44  4:12  Observer  
  44  4:16  Stalker x2  
  49  4:19  Probe  
  49  4:20  Nexus, Probe  
  49  4:23  Pylon  
  51  4:31  Probe, Assimilator  
  52  4:32  Pylon, Probe  
  52  4:35  Observer  
  54  4:43  Stalker x2  
  54  4:44  Probe  
  54  4:45  Probe  
  60  4:54  Gateway  
  60  4:56  Gateway  
  60  4:58  Probe x2  
  62  5:00  Charge  
  62  5:12  Probe x2  
  62  5:14  Immortal (Chrono Boost), Shield Battery  
  68  5:26  Stalker  
  68  5:27  Shield Battery  
  70  5:29  Pylon  
  70  5:35  Stalker  
  70  5:43  Shield Battery  
  74  5:56  Stalker x3  
  78  5:59  Shield Battery  
  78  6:00  Stalker, Shield Battery  
  76  6:07  Pylon  
  76  6:08  Shield Battery  
  64  6:22  Sentry x2  
  66  6:33  Stalker  
  66  6:35  Pylon  
  66  6:36  Probe x2  
  61  6:46  Stalker x2  
  47  6:57  Stalker  
  47  7:00  Probe x2  
  48  7:05  Stalker  
  48  7:08  Gateway  
  38  7:21  Stalker  
  24  7:28  Probe (Chrono Boost)  
  25  7:33  Probe (Chrono Boost)  
  26  7:38  Probe (Chrono Boost)  
  26  7:42  Probe (Chrono Boost)  
  27  7:44  Zealot x3  
  27  7:47  Probe (Chrono Boost)  
  27  7:48  Probe (Chrono Boost)  
  29  8:02  Stalker  
  29  8:08  Stalker  
Show
View Real Time Build Order
Export as new Build Order

HeroMarine Terran - Winner!

Build Orders: Cyclone Opening 

Get SALT Encoding   

  12  0:00  SCV  
  13  0:12  SCV  
  14  0:16  Supply Depot  
  14  0:24  SCV  
  15  0:38  SCV, Barracks  
  16  0:45  Refinery  
  16  0:50  SCV  
  16  0:55  Refinery  
  17  1:02  SCV  
  18  1:14  SCV  
  19  1:25  Reaper  
  20  1:26  Orbital Command  
  20  1:33  Supply Depot  
  20  1:42  Factory  
  20  1:52  SCV  
  22  2:04  SCV  
  22  2:16  SCV  
  22  2:21  Command Center  
  23  2:28  SCV  
  24  2:31  Factory Tech Lab  
  24  2:40  SCV  
  24  2:42  Barracks Reactor, Barracks  
  25  2:49  Cyclone  
  28  2:52  Supply Depot  
  28  2:53  SCV  
  29  3:03  Barracks  
  29  3:05  SCV  
  30  3:17  SCV  
  30  3:18  Marine  
  30  3:19  Marine  
  33  3:22  Siege Tank  
  36  3:30  SCV  
  37  3:36  Barracks Tech Lab  
  37  3:37  Marine x2  
  39  3:50  Orbital Command  
  39  3:51  Barracks Tech Lab  
  40  3:55  Stimpack  
  40  3:59  Siege Tank  
  40  4:00  Marine x3  
  45  4:03  SCV  
  45  4:08  Supply Depot  
  46  4:10  Marine  
  47  4:17  Marine  
  47  4:18  Marine  
  47  4:19  Marine  
  50  4:26  Supply Depot  
  50  4:28  Marine  
  51  4:35  Marine x2  
  51  4:37  Siege Tank  
  56  4:38  SCV x2  
  58  4:47  Marauder x2  
  58  4:50  SCV x2  
  63  4:53  Marine x2  
  63  4:56  Supply Depot  
  65  5:06  SCV  
  66  5:08  Marauder x2  
  70  5:17  Engineering Bay, Marine  
  70  5:19  Siege Tank  
  70  5:20  Supply Depot  
  74  5:23  Marine  
  77  5:32  Marine, Marauder  
  77  5:35  Combat Shield  
  71  5:44  Marine x2  
  69  5:57  Marine x2  
  66  6:04  Terran Infantry Weapons Level 1  
  68  6:09  Marine  
  68  6:10  Marine  
  70  6:13  SCV  
  70  6:14  SCV  
  72  6:22  Marine  
  72  6:23  Marine  
  72  6:25  Bunker  
  71  6:26  SCV  
  67  6:35  SCV, Siege Tank  
  67  6:36  Marine x2  
  67  6:38  SCV  
  71  6:40  Marine x2  
  65  6:48  SCV  
  65  6:50  SCV  
  67  6:54  Marine x2  
  67  6:58  Marine x2  
  67  7:00  SCV  
  72  7:01  Refinery  
  72  7:02  SCV  
  72  7:12  SCV, Marine x2  
  72  7:14  SCV  
  72  7:16  Marine, Siege Tank  
  72  7:19  Marine  
  73  7:24  SCV  
  73  7:26  SCV  
  65  7:30  Marine x2  
  65  7:34  Barracks x2, Barracks Tech Lab  
  65  7:36  SCV  
  67  7:37  Marine  
  67  7:38  SCV  
  67  7:40  Refinery  
  69  7:45  Starport  
  69  7:47  Marine  
  69  7:48  SCV, Marine  
  69  7:50  SCV  
  73  7:53  Marauder  
  73  7:56  Marauder  
  74  8:00  SCV  
  74  8:02  SCV  
  79  8:08  Supply Depot  
  80  8:12  Command Center  

Tags
 
Add a new tag
Caveats
  • Supply blocks, unpowered buildings, or Contaminate may cause inaccurate times.
  • Supply counts are checked every 10 seconds.